 Dungeon Crawl Stone Soup version 0.28.0-45-g0d030f2227 (webtiles) character file.

Game seed: 14967204291365158673

1395 mobama the Cleaver (level 8, -4/70 HPs)
             Began as a Hill Orc Fighter on Apr 15, 2022.
             Slain by an ice beast (10 damage)
             ... on level 7 of the Dungeon.
             The game lasted 00:13:27 (9803 turns).

mobama the Cleaver (Hill Orc Fighter)               Turns: 9803, Time: 00:13:28

Health: -4/70      AC: 13    Str: 21    XL:     8   Next: 68%
Magic:  0/8        EV:  6    Int:  8    God:
Gold:   305        SH:  4    Dex: 10    Spells: 7/7 levels left

rFire   . . .      SeeInvis .   a - +1 war axe (freeze)
rCold   . . .      Faith    .   c - +0 buckler
rNeg    . . .      Spirit   +   j - +0 plate armour
rPois   .          Reflect  .   (no helmet)
rElec   .          Harm     .   (no cloak)
rCorr   .          Rampage  .   (no gloves)
Will    .....                   (no boots)
Stlth   ..........              k - amulet of guardian spirit
HPRegen 0.21/turn               (no ring)
MPRegen 0.11/turn               (no ring)

@: mighty
A: no striking features
a: no special abilities


You were on level 7 of the Dungeon.
You visited 1 branch of the dungeon, and saw 7 of its levels.

You collected 305 gold pieces.

Inventory:

Hand Weapons
 a - a +1 war axe of freezing (weapon)
 h - a +0 hunting sling
Missiles
 i - 199 stones (quivered)
 r - 4 large rocks
Armour
 b - a +1 scale mail
 c - a +0 buckler (worn)
 g - a +0 scale mail
 j - a +0 plate armour (worn)
Magical Staves
 n - a staff of poison
Jewellery
 k - an amulet of guardian spirit (around neck)
Wands
 q - a wand of charming (8)
Potions
 e - a potion of degeneration
 f - a potion of flight
 l - a potion of lignification
 m - 4 potions of attraction {unknown}


   Skills:
 + Level 6.1 Fighting
 + Level 8.2 Axes
 + Level 0.2 Staves
 + Level 0.2 Throwing
 + Level 7.1 Armour
 + Level 2.0 Dodging
 + Level 1.2 Stealth
 + Level 4.6 Shields


You had 7 spell levels left.
You didn't know any spells.
Your spell library was empty.

Dungeon Overview and Level Annotations

Branches:
Dungeon (7/15)             Temple (0/1) D:6

Altars:

Shops:
D:2 =


Message History

You closely miss the ice beast.
The ice beast is severely wounded.
The ice beast barely misses you.
You barely miss the ice beast.
The ice beast is severely wounded.
You hit the ogre but do no damage. The ice beast hits you.
The ice beast freezes you!
The ogre hits you with a +0 giant spiked club!
You are too injured to fight recklessly!
You are too injured to fight recklessly!
You are too injured to fight recklessly!
You are too injured to fight recklessly!
You are too injured to fight recklessly!
You are too injured to fight recklessly!
You are too injured to fight recklessly!
Unknown command.
You are too injured to fight recklessly!
You are too injured to fight recklessly!
You are too injured to fight recklessly!
You are too injured to fight recklessly!
You feel very mighty all of a sudden.
The ice beast hits you but does no damage.
The ogre hits you with a +0 giant spiked club!
* * * LOW HITPOINT WARNING * * *
You hit the ice beast.
The ice beast is almost dead.
You closely miss the ogre. The ice beast completely misses you.
You block the ogre's attack. The ice beast closely misses you.
You hit the ice beast.
The ice beast is almost dead.
You slash the ogre! You freeze the ogre. The ogre barely misses you.
The ice beast closely misses you.
You completely miss the ice beast.
The ice beast is almost dead.
You slash the ogre! You freeze the ogre.
You kill the ogre!
The ice beast hits you.
* * * LOW HITPOINT WARNING * * *
The ice beast freezes you!
You die...

..... #.#####.##.
#........# #...)))....
#........###....).....
#..........#.####.#...
###.:.....##.#.# #.#...
...............####.#..#
........................
.#.....#.###.#####..##.#
.....)Y@...............#
.#.###)....#.#.###..# #
#####.#.#.# #..# <...#.#
#..# ######.###..#
.......# ..#...# #.#...#
#.....#


You could see an ice beast.

Vanquished Creatures
  An acid dragon (D:6)
  A water moccasin (D:6)
  A black bear (D:6)
  A hornet zombie (D:6)
  An ogre (D:7)
  A bullfrog (D:4)
  3 scorpions
  3 jellies
  A bullfrog skeleton (D:5)
  An orc priest (D:6)
  3 hounds
  A gnoll shaman (D:4)
  An iguana (D:7)
  Natasha (D:3)
  6 orc wizards
  6 gnolls
  10 adders
  An ufetubus (D:7)
  2 worms
  4 dart slugs
  16 orcs
  13 ball pythons
  7 endoplasms
  2 giant cockroaches
  10 goblins
  11 hobgoblins
  6 jackals
  4 quokkas
  5 bats
  6 kobolds
  5 rats
134 creatures vanquished.

Vanquished Creatures (others)
  2 plants (D:3)
2 creatures vanquished.

Grand Total: 136 creatures vanquished

Notes
Turn   | Place    | Note
-------+----------+-------------------------------------------
     0 | D:1      | mobama the Hill Orc Fighter began the quest for the Orb.
     0 | D:1      | Reached XP level 1. HP: 19/19 MP: 1/1
   156 | D:1      | Reached XP level 2. HP: 19/27 MP: 2/2
   618 | D:1      | Reached skill level 3 in Axes
  1001 | D:1      | Reached XP level 3. HP: 33/33 MP: 3/3
  1777 | D:2      | Found Diemikao's Jewellery Shop.
  1954 | D:2      | Reached skill level 4 in Axes
  1968 | D:2      | Reached XP level 4. HP: 23/40 MP: 4/4
  3276 | D:3      | Noticed Natasha
  3280 | D:3      | Killed Natasha
  3281 | D:3      | Reached XP level 5. HP: 47/47 MP: 5/5
  3778 | D:3      | Reached skill level 5 in Fighting
  3822 | D:4      | Reached skill level 5 in Axes
  4254 | D:4      | Reached XP level 6. HP: 54/56 MP: 4/6
  4672 | D:4      | Reached skill level 1 in Dodging
  4684 | D:4      | Reached skill level 6 in Axes
  4833 | D:5      | Entered Level 5 of the Dungeon
  4974 | D:5      | Reached skill level 5 in Armour
  5212 | D:5      | Reached XP level 7. HP: 60/61 MP: 7/7
  5848 | D:5      | Reached skill level 1 in Stealth
  6491 | D:6      | Reached skill level 7 in Axes
  6761 | D:6      | Reached XP level 8. HP: 19/70 MP: 4/8
  9303 | D:6      | Identified the +1 trident "Vaduk" {flame, +Blink rCorr}
  9326 | D:6      | Found a staircase to the Ecumenical Temple.
  9374 | D:6      | Reached skill level 8 in Axes
  9803 | D:7      | Slain by an ice beast

Illustrated notes

Levels and vault maps discovered:
D:1:      minmay_arrival_pointy, layout_loops_corners, skrybe_limestone_x,
          amcnicky_mini_corridor_feature
D:2:      layout_basic, serial_shops, shop, nicolae_elevator_lobby_asterisk
D:3:      layout_loops_ring, grunt_ministairs_3, serial_bayou_pond_d,
          uniq_natasha
D:4:      layout_cave_pools
D:5:      layout_gridville, kennysheep_generic_room_16
D:6:      layout_basic, temple_statues, chequers_serial_rivers_room_a
D:7:      layout_basic, marbit_many_paths, kennysheep_generic_room_8

Skill      XL: |  1  2  3  4  5  6  7  8 |
---------------+-------------------------+-----
Fighting       | 4 5 6 |  6.1
Axes           | 3 4 5 6 7 8 |  8.2
Armour         | 4 5 6 7 |  7.1
Dodging        | 1 2 |  2.0
Shields        | 4 |  4.6
Stealth        | 1 |  1.2
Staves         | |  0.2
Throwing       | |  0.2

Action                   |  1- 3 |  4- 6 |  7- 9 || total
-------------------------+-------+-------+-------++-------
Melee: War axe           |   103 |   198 |   146 ||   447
       Staff             |       |     7 |       ||     7
Throw: Stone             |       |     1 |     8 ||     9
  Use: Scroll            |     3 |     2 |     8 ||    13
       Potion            |     2 |     2 |     5 ||     9
Armor: Scale mail        |    51 |   115 |    64 ||   230
       Plate armour      |       |       |    15 ||    15
Dodge: Dodged            |    58 |    95 |    66 ||   219
Block: Buckler           |    27 |    54 |    31 ||   112
